AoeStats
← AOKI_GworK

Arabian Desert

510280146Analyzed
1v1 RM · 20h ago on Sep 30, 2026· 21m 20s· 2 players
Game mode
Random Map
Map size
Tiny (2 player)
Population
200
Speed
Normal
Resources
Standard
Victory
Conquest
Starting age
Dark Age
Ending age
Imperial Age
RankedLock teamsTeams togetherTeam positionsShared explorationLock speedFull tech treeHidden civsTurbo modeCheats
Victory
Defeat
🇨🇱 Wu · Chile
2031
+10
🇫🇷 Muisca · France
1892
-10
DK_Partyman96
6:22 Loom
8:53 Feudal Age
9:57 Man-at-Arms
10:37 Double-Bit Axe
14:18 Scale Mail Armor
15:21 Fletching
21:15 Castle Age
20:02 Horse Collar
21:09 Arson
21:57 Squires
22:15 Chain Mail Armor
AOKI_GworK
6:26 Loom
9:23 Feudal Age
10:02 Horse Collar
10:08 Double-Bit Axe
14:53 Fletching
16:24 Padded Archer Armor
21:42 Wheelbarrow
Connection lost

Rejoining the realm…

Still unreachable

The connection could not be restored.

Session expired

The server has moved on; the page needs a fresh start.